Map: Coda LE (Void)

Players

NattBurnSalt

  • Race: Terran Terran
  • League: Grandmaster

Naattt - Winner!

  • Race: Protoss Protoss
  • League: Grandmaster

VOD

Have the link to the VOD?

Description

Time

  • Played on: June 14, 2015, 10:14 p.m.
  • Length: 4:47
Show
View Real Time Build Order
Export as new Build Order

NattBurnSalt Terran 

Build Orders: 1/1/1 

Get SALT Encoding   

  12  0:01  SCV  
  13  0:13  SCV  
  14  0:18  Refinery  
  14  0:25  SCV  
  15  0:30  Supply Depot  
  15  0:52  SCV  
  15  0:54  Barracks  
  16  1:04  SCV  
  17  1:16  SCV  
  18  1:28  SCV  
  19  1:40  Orbital Command  
  19  1:41  Reaper  
  19  1:42  Factory  
  20  1:47  Refinery  
  20  1:53  Supply Depot  
  20  2:06  SCV  
  21  2:13  Reaper  
  22  2:18  SCV  
  23  2:25  Starport  
  23  2:26  Hellion  
  25  2:30  SCV  
  26  2:48  Barracks Reactor, Hellion  
  28  2:53  SCV  
  29  3:01  Viking  
  31  3:07  Supply Depot  
  31  3:14  Hellion  
  31  3:16  SCV  
  34  3:44  Viking  
  35  3:53  Hellion x2  
  35  3:54  SCV  
  38  4:08  Marine  
  39  4:11  Supply Depot  
  39  4:15  Hellion x2  
Show
View Real Time Build Order
Export as new Build Order

Naattt Protoss - Winner!

Build Orders: Mass Adepts 

Get SALT Encoding   

  12  0:09  Pylon  
  12  0:16  Assimilator  
  12  0:29  Gateway  
  12  0:34  Probe (Chrono Boost)  
  13  0:46  Probe (Chrono Boost)  
  14  0:52  Probe (Chrono Boost)  
  15  1:03  Probe (Chrono Boost)  
  16  1:14  Probe (Chrono Boost)  
  16  1:16  Cybernetics Core  
  17  1:20  Probe (Chrono Boost)  
  18  1:32  Probe (Chrono Boost)  
  19  1:40  Pylon  
  19  1:44  Probe (Chrono Boost)  
  20  1:53  Robotics Facility  
  20  1:54  Warp Gate (Chrono Boost)  
  20  1:55  Adept  
  22  2:24  Gateway  
  22  2:26  Adept  
  22  2:28  Gateway  
  24  2:32  Gateway  
  23  2:45  Warp Prism (Chrono Boost)  
  27  2:58  Mothership Core  
  27  3:06  Pylon  
  27  3:29  Pylon  
  27  3:52  Adept x4  
  35  4:03  Assimilator  
  35  4:05  Pylon  
  35  4:32  Adept x4  
Tags
 
Add a new tag
Caveats
  • Supply blocks, unpowered buildings, or Contaminate may cause inaccurate times.
  • Supply counts are checked every 10 seconds.